[ AOE2 MATCH · #482845804 ]
Team RMBurgundians vs Burgundians
[ REPLAY ANALYSIS · EXTRACTED FROM THE RECORDED GAME ]
Feudal
10:08
Castle
18:16
Imperial
36:30
| APM avg | 13.8 |
| APM peak | 35 |
| eAPM avg | 9.2 |
| Villagers / military | 52 / 242 |
Focus
⚔️ 39.8% · 🌾 60.2%
Skirmisher ×97 · Archer ×48 · Spearman ×36 · Knight ×17 · Trade Cart ×13 · Scorpion ×11
Feudal
10:49
Castle
16:31
Imperial
35:51
| APM avg | 33.9 |
| APM peak | 77 |
| eAPM avg | 24.2 |
| Villagers / military | 145 / 517 |
Focus
⚔️ 50.2% · 🌾 49.8%
Archer ×328 · Scout Cavalry ×154 · Trebuchet (Packed) ×19 · Camel Scout ×8 · War Elephant ×5 · Knight ×3
Feudal
13:09
Castle
21:51
Imperial
46:35
| APM avg | 20.3 |
| APM peak | 50 |
| eAPM avg | 14.2 |
| Villagers / military | 185 / 752 |
Focus
⚔️ 42.5% · 🌾 57.5%
Spearman ×341 · Skirmisher ×175 · Scout Cavalry ×119 · Boyar ×52 · Trade Cart ×33 · Militia ×23
Feudal
11:39
Castle
22:19
Imperial
42:22
| APM avg | 17.5 |
| APM peak | 47 |
| eAPM avg | 12.7 |
| Villagers / military | 147 / 458 |
Focus
⚔️ 43.7% · 🌾 56.3%
Scout Cavalry ×241 · Magyar Huszar ×173 · Cavalry Archer ×38 · Trade Cart ×31 · Knight ×6
Feudal
12:18
Castle
22:03
Imperial
39:03
| APM avg | 11.5 |
| APM peak | 58 |
| eAPM avg | 9.0 |
| Villagers / military | 78 / 385 |
Focus
⚔️ 50.0% · 🌾 50.0%
Skirmisher ×168 · Spearman ×105 · Teutonic Knight ×66 · Archer ×38 · Trade Cart ×6 · Knight ×3
Feudal
11:52
Castle
23:03
Imperial
42:25
| APM avg | 32.1 |
| APM peak | 122 |
| eAPM avg | 18.4 |
| Villagers / military | 284 / 544 |
Focus
⚔️ 34.0% · 🌾 66.0%
Scout Cavalry ×238 · Spearman ×197 · Knight ×74 · Coustillier ×16 · Flemish Militia ×13 · Trade Cart ×5
Match map
Initial resources + every placement click. Lines = walls · curves = elevation contours. ◆ gold · ⬟ stone · ● berries · ✦ relic · ◌ wall gap
Your base· Open — unwalled flank
Bela's base· Open — unwalled flank
BLAZE OF GLORY's base· Open — unwalled flank
Baripas's base· Open — unwalled flank
HAVE A NICE DAY's base· Open — unwalled flank
Starbaxx's base· Open — unwalled flank
Smoothed initial terrain · ◌ = detected wall gap · hover for details
Inputs per minute
— Wildcat - - Bela
Build order — Wildcat
First 150 of 343 actions detected
| 0:09 | Build | House |
| 0:11 | Create | Villager (Male) |
| 0:11 | Create | Villager (Male) |
| 0:12 | Create | Villager (Male) |
| 0:16 | Build | House |
| 1:14 | Create | Villager (Male) |
| 1:31 | Research | Loom |
| 1:39 | Create | Villager (Male) |
| 2:27 | Create | Villager (Male) |
| 2:27 | Create | Villager (Male) |
| 2:58 | Create | Villager (Male) |
| 3:15 | Build | House |
| 3:16 | Build | House |
| 3:24 | Create | Villager (Male) |
| 3:24 | Create | Villager (Male) |
| 4:08 | Create | Villager (Male) |
| 4:08 | Create | Villager (Male) |
| 4:14 | Create | Villager (Male) |
| 4:23 | Build | Mill |
| 4:38 | Create | Villager (Male) |
| 6:05 | Create | Villager (Male) |
| 6:12 | Create | Villager (Male) |
| 6:29 | Build | Lumber Camp |
| 7:58 | Research | Feudal Age |
| 10:08 | Age | Feudal Age |
| 10:11 | Create | Villager (Male) |
| 10:11 | Create | Villager (Male) |
| 10:11 | Create | Villager (Male) |
| 10:12 | Create | Villager (Male) |
| 10:17 | Research | Double-Bit Axe |
| 10:19 | Create | Villager (Male) |
| 10:20 | Create | Villager (Male) |
| 10:20 | Create | Villager (Male) |
| 10:53 | Build | Barracks |
| 11:48 | Build | Mining Camp |
| 12:43 | Build | Stable |
| 13:06 | Build | House |
| 13:28 | Create | Villager (Male) |
| 13:28 | Create | Villager (Male) |
| 13:40 | Build | House |
| 14:05 | Build | Blacksmith |
| 14:22 | Build | House |
| 14:27 | Build | House |
| 14:28 | Build | House |
| 15:19 | Build | Stable |
| 15:25 | Build | House |
| 15:36 | Research | Castle Age |
| 15:46 | Build | Farm |
| 15:57 | Build | Farm |
| 16:01 | Build | Farm |
| 16:19 | Build | Farm |
| 16:24 | Research | Horse Collar |
| 16:42 | Build | Farm |
| 16:49 | Build | Farm |
| 17:24 | Build | Farm |
| 17:25 | Build | Farm |
| 17:35 | Build | Farm |
| 18:16 | Age | Castle Age |
| 18:21 | Create | Knight |
| 18:21 | Create | Knight |
| 18:24 | Research | Husbandry |
| 18:37 | Create | Villager (Male) |
| 18:47 | Build | Farm |
| 18:55 | Create | Knight |
| 19:32 | Build | Town Center |
| 19:35 | Create | Villager (Male) |
| 19:35 | Create | Villager (Male) |
| 19:59 | Create | Knight |
| 20:41 | Create | Knight |
| 21:02 | Research | Cavalier (upgrade) |
| 21:08 | Create | Villager (Male) |
| 22:15 | Create | Knight |
| 22:26 | Build | Monastery |
| 22:29 | Create | Villager (Male) |
| 22:29 | Create | Villager (Male) |
| 23:58 | Create | Monk |
| 24:10 | Build | Farm |
| 24:18 | Research | Scale Barding Armor |
| 25:05 | Build | Lumber Camp |
| 25:20 | Research | Forging |
| 25:31 | Build | Siege Workshop |
| 26:28 | Create | Battering Ram |
| 26:41 | Build | Farm |
| 27:45 | Build | Archery Range |
| 28:33 | Build | Castle |
| 28:45 | Create | Knight |
| 28:45 | Create | Knight |
| 28:54 | Research | Crossbowman (upgrade) |
| 28:54 | Create | Archer |
| 28:55 | Create | Archer |
| 28:55 | Create | Archer |
| 28:55 | Create | Archer |
| 30:04 | Research | Fletching |
| 30:05 | Research | Padded Archer Armor |
| 30:12 | Create | Archer |
| 30:12 | Create | Archer |
| 31:21 | Build | Castle |
| 32:31 | Research | Wheelbarrow |
| 32:47 | Build | Mining Camp |
| 33:15 | Build | Mining Camp |
| 33:20 | Research | Imperial Age |
| 34:08 | Build | Archery Range |
| 34:20 | Research | Bodkin Arrow |
| 34:25 | Research | Heavy Plow |
| 34:38 | Build | University |
| 34:45 | Build | Lumber Camp |
| 34:49 | Research | Bow Saw |
| 34:54 | Research | Gold Mining |
| 35:17 | Research | Burgundian Vineyards |
| 35:46 | Create | Villager (Male) |
| 35:46 | Create | Villager (Male) |
| 36:30 | Age | Imperial Age |
| 36:40 | Create | Trebuchet (Packed) |
| 36:40 | Create | Trebuchet (Packed) |
| 38:03 | Create | Archer |
| 38:03 | Create | Archer |
| 38:04 | Create | Archer |
| 38:04 | Create | Archer |
| 38:04 | Create | Archer |
| 38:15 | Build | Archery Range |
| 38:21 | Research | Leather Archer Armor |
| 38:28 | Create | Scorpion |
| 38:28 | Create | Scorpion |
| 38:54 | Create | Monk |
| 39:13 | Create | Archer |
| 39:14 | Create | Archer |
| 39:14 | Create | Archer |
| 39:14 | Create | Archer |
| 39:14 | Create | Archer |
| 39:37 | Build | Siege Workshop |
| 39:42 | Research | Stone Mining |
| 39:46 | Create | Coustillier |
| 39:46 | Create | Coustillier |
| 39:58 | Create | Archer |
| 39:58 | Create | Archer |
| 39:58 | Create | Archer |
| 41:27 | Create | Archer ×5 |
| 43:13 | Create | Archer ×5 |
| 43:13 | Create | Archer ×5 |
| 43:14 | Create | Archer |
| 43:14 | Create | Archer |
| 43:55 | Create | Scorpion |
| 44:26 | Build | Farm |
| 44:28 | Create | Villager (Male) |
| 44:29 | Create | Villager (Male) |
| 44:29 | Research | Town Watch |
| 44:41 | Create | Scorpion |
| 44:42 | Create | Scorpion |
| 44:54 | Research | Murder Holes |
| 44:58 | Create | Villager (Male) |
Build order — Bela
First 150 of 851 actions detected
| 0:01 | Create | Villager (Male) |
| 0:01 | Create | Villager (Male) |
| 0:02 | Create | Villager (Male) |
| 0:05 | Build | House |
| 0:07 | Build | House |
| 0:37 | Create | Villager (Male) |
| 0:37 | Create | Villager (Male) |
| 1:22 | Create | Villager (Male) |
| 1:43 | Build | Lumber Camp |
| 2:00 | Create | Villager (Male) |
| 2:16 | Create | Villager (Male) |
| 2:46 | Create | Villager (Male) |
| 3:05 | Create | Villager (Male) |
| 3:15 | Build | House |
| 3:16 | Build | House |
| 3:18 | Build | House |
| 3:19 | Build | House |
| 3:38 | Create | Villager (Male) |
| 3:51 | Build | House |
| 3:52 | Build | House |
| 3:53 | Build | House |
| 3:55 | Create | Villager (Male) |
| 4:22 | Create | Villager (Male) |
| 4:43 | Build | Mill |
| 4:54 | Create | Villager (Male) |
| 5:08 | Create | Villager (Male) |
| 5:39 | Create | Villager (Male) |
| 5:45 | Build | Palisade Wall |
| 5:56 | Create | Villager (Male) |
| 6:09 | Create | Villager (Male) |
| 6:35 | Create | Villager (Male) |
| 7:08 | Create | Villager (Male) |
| 7:15 | Build | Farm |
| 7:36 | Build | Farm |
| 7:52 | Create | Villager (Male) |
| 7:57 | Build | Palisade Wall |
| 8:04 | Build | Farm |
| 8:22 | Create | Villager (Male) |
| 8:25 | Build | Farm |
| 8:31 | Research | Feudal Age |
| 8:57 | Build | Mining Camp |
| 9:27 | Build | Palisade Wall |
| 9:51 | Build | Mill |
| 10:49 | Age | Feudal Age |
| 10:55 | Create | Villager (Male) |
| 10:55 | Create | Villager (Male) |
| 10:58 | Research | Loom |
| 10:59 | Create | Villager (Male) |
| 10:59 | Create | Villager (Male) |
| 11:07 | Build | Barracks |
| 11:13 | Create | Villager (Male) |
| 11:39 | Build | Blacksmith |
| 11:44 | Build | House |
| 12:20 | Create | Villager (Male) |
| 12:41 | Create | Villager (Male) |
| 12:52 | Build | Gate |
| 13:16 | Create | Villager (Male) |
| 13:24 | Build | Stable |
| 13:30 | Create | Villager (Male) |
| 13:50 | Research | Double-Bit Axe |
| 14:06 | Research | Castle Age |
| 14:46 | Research | Horse Collar |
| 15:31 | Research | Wheelbarrow |
| 15:41 | Research | Scale Barding Armor |
| 15:58 | Build | Stable |
| 16:06 | Build | Stable |
| 16:31 | Age | Castle Age |
| 16:37 | Build | Town Center |
| 17:22 | Create | Villager (Male) |
| 17:22 | Create | Villager (Male) |
| 17:28 | Research | Chain Barding Armor |
| 17:33 | Create | Camel Scout |
| 17:33 | Create | Camel Scout |
| 17:33 | Create | Camel Scout |
| 17:40 | Build | Farm |
| 17:41 | Build | Farm |
| 17:44 | Build | Farm |
| 18:09 | Build | Farm |
| 18:10 | Build | Farm |
| 18:29 | Create | Camel Scout |
| 18:29 | Create | Camel Scout |
| 18:36 | Build | Farm |
| 18:40 | Build | Farm |
| 18:48 | Create | Villager (Male) |
| 19:06 | Create | Villager (Male) |
| 19:20 | Create | Villager (Male) |
| 19:32 | Create | Villager (Male) |
| 20:16 | Create | Camel Scout |
| 20:17 | Create | Camel Scout |
| 20:28 | Create | Villager (Male) |
| 20:50 | Build | House |
| 20:51 | Build | House |
| 20:52 | Build | House |
| 20:53 | Build | House |
| 21:00 | Build | House |
| 21:01 | Build | House |
| 21:02 | Build | House |
| 21:04 | Build | House |
| 21:05 | Build | House |
| 21:08 | Research | Forging |
| 21:22 | Create | Camel Scout |
| 21:32 | Create | Villager (Male) |
| 21:33 | Create | Villager (Male) |
| 21:37 | Build | Farm |
| 21:38 | Build | Farm |
| 21:39 | Build | Farm |
| 21:40 | Build | Farm |
| 22:00 | Create | Villager (Male) |
| 22:00 | Create | Villager (Male) |
| 22:15 | Build | Farm |
| 22:20 | Build | Farm |
| 22:21 | Build | Farm |
| 22:24 | Build | Farm |
| 22:30 | Create | Villager (Male) |
| 22:30 | Create | Villager (Male) |
| 22:40 | Build | House |
| 22:41 | Build | House |
| 22:43 | Build | House |
| 22:44 | Build | House |
| 22:45 | Build | House |
| 22:46 | Build | House |
| 22:48 | Create | Villager (Male) |
| 22:51 | Create | Villager (Male) |
| 23:10 | Create | Villager (Male) |
| 23:11 | Create | Villager (Male) |
| 23:13 | Create | Villager (Male) |
| 24:46 | Create | Villager (Male) |
| 24:46 | Create | Villager (Male) |
| 24:47 | Create | Villager (Male) |
| 24:48 | Create | Villager (Male) |
| 24:48 | Create | Villager (Male) |
| 25:19 | Create | Villager (Male) |
| 25:20 | Create | Villager (Male) |
| 25:22 | Create | Villager (Male) |
| 25:40 | Build | Gate |
| 25:47 | Build | Stone Wall |
| 25:53 | Create | Villager (Male) |
| 25:53 | Create | Villager (Male) |
| 25:54 | Create | Villager (Male) |
| 25:54 | Create | Villager (Male) |
| 25:55 | Create | Villager (Male) |
| 26:48 | Create | Villager (Male) |
| 26:48 | Create | Villager (Male) |
| 26:49 | Create | Villager (Male) |
| 26:49 | Create | Villager (Male) |
| 26:50 | Create | Villager (Male) |
| 27:01 | Create | Villager (Male) |
| 27:02 | Create | Villager (Male) |
| 27:03 | Create | Villager (Male) |
| 27:03 | Create | Villager (Male) |
Build order — BLAZE OF GLORY
First 150 of 597 actions detected
| 0:02 | Create | Villager (Male) |
| 0:02 | Create | Villager (Male) |
| 0:03 | Create | Villager (Male) |
| 0:03 | Create | Villager (Male) |
| 0:03 | Create | Villager (Male) |
| 0:07 | Build | House |
| 0:09 | Build | House |
| 2:00 | Create | Villager (Male) |
| 2:22 | Create | Villager (Male) |
| 2:42 | Build | Lumber Camp |
| 2:46 | Create | Villager (Male) |
| 3:17 | Create | Villager (Male) |
| 3:18 | Create | Villager (Male) |
| 3:27 | Build | House |
| 3:29 | Build | House |
| 3:49 | Create | Villager (Male) |
| 4:15 | Create | Villager (Male) |
| 4:48 | Create | Villager (Male) |
| 5:15 | Build | Mill |
| 5:16 | Create | Villager (Male) |
| 5:17 | Create | Villager (Male) |
| 5:17 | Create | Villager (Male) |
| 5:52 | Research | Loom |
| 5:55 | Create | Villager (Male) |
| 5:56 | Create | Villager (Male) |
| 5:57 | Create | Villager (Male) |
| 6:43 | Create | Villager (Male) |
| 6:44 | Create | Villager (Male) |
| 6:44 | Create | Villager (Male) |
| 7:15 | Build | Barracks |
| 7:49 | Create | Villager (Male) |
| 7:50 | Create | Villager (Male) |
| 7:50 | Create | Villager (Male) |
| 7:50 | Create | Villager (Male) |
| 8:19 | Build | House |
| 8:48 | Build | Mill |
| 9:07 | Build | House |
| 9:38 | Build | Palisade Wall |
| 10:04 | Build | Farm |
| 10:09 | Create | Villager (Male) |
| 10:40 | Build | Mining Camp |
| 10:59 | Research | Feudal Age |
| 11:12 | Build | Lumber Camp |
| 11:24 | Build | Palisade Gate |
| 11:32 | Build | Palisade Gate |
| 13:09 | Age | Feudal Age |
| 13:17 | Build | Stable |
| 13:23 | Create | Villager (Male) |
| 13:23 | Create | Villager (Male) |
| 13:27 | Research | Double-Bit Axe |
| 13:40 | Build | Farm |
| 13:53 | Build | Farm |
| 13:59 | Create | Villager (Male) |
| 13:59 | Create | Villager (Male) |
| 14:15 | Build | Palisade Gate |
| 14:34 | Create | Villager (Male) |
| 14:44 | Build | Farm |
| 14:45 | Build | Farm |
| 14:46 | Build | Farm |
| 14:47 | Build | Farm |
| 14:50 | Build | Farm |
| 15:12 | Create | Spearman |
| 15:23 | Create | Scout Cavalry |
| 15:23 | Create | Scout Cavalry |
| 15:35 | Build | Blacksmith |
| 16:01 | Create | Villager (Male) |
| 16:31 | Build | House |
| 16:35 | Build | House |
| 16:39 | Build | House |
| 16:54 | Build | Farm |
| 17:24 | Build | Farm |
| 17:24 | Build | Farm |
| 17:25 | Build | Farm |
| 17:25 | Build | Farm |
| 17:25 | Build | Farm |
| 17:25 | Build | Farm |
| 17:26 | Build | Farm |
| 17:26 | Build | Farm |
| 17:26 | Build | Farm |
| 17:27 | Build | Farm |
| 17:27 | Build | Farm |
| 17:27 | Build | Farm |
| 17:27 | Build | Farm |
| 17:50 | Create | Villager (Male) |
| 17:50 | Create | Villager (Male) |
| 18:27 | Build | Farm |
| 18:42 | Create | Villager (Male) |
| 19:11 | Research | Castle Age |
| 19:23 | Build | Mining Camp |
| 19:45 | Build | House |
| 19:46 | Build | House |
| 19:50 | Build | House |
| 20:21 | Build | House |
| 20:53 | Build | Stable |
| 21:13 | Build | Stable |
| 21:49 | Build | Market |
| 21:51 | Age | Castle Age |
| 22:04 | Create | Knight |
| 22:04 | Create | Knight |
| 22:07 | Research | Scale Barding Armor |
| 22:08 | Research | Forging |
| 22:12 | Research | Husbandry |
| 22:12 | Research | Bloodlines |
| 22:13 | Create | Knight |
| 22:14 | Create | Knight |
| 22:17 | Create | Villager (Male) ×3 |
| 22:23 | Build | Farm |
| 22:50 | Create | Knight ×2 |
| 22:50 | Create | Knight ×2 |
| 23:13 | Create | Knight |
| 23:13 | Create | Knight |
| 24:03 | Research | Pikeman (upgrade) |
| 24:04 | Create | Spearman ×4 |
| 24:04 | Create | Spearman ×4 |
| 25:22 | Research | Wheelbarrow |
| 25:22 | Create | Villager (Male) |
| 25:23 | Create | Villager (Male) |
| 25:23 | Create | Villager (Male) |
| 25:31 | Build | Barracks |
| 25:58 | Create | Villager (Male) |
| 25:58 | Create | Villager (Male) |
| 26:18 | Build | Barracks |
| 26:22 | Create | Villager (Male) ×5 |
| 27:25 | Create | Spearman ×5 |
| 27:25 | Create | Spearman ×5 |
| 27:26 | Create | Spearman ×2 |
| 27:56 | Create | Villager (Male) |
| 27:57 | Create | Villager (Male) |
| 27:57 | Create | Villager (Male) |
| 27:57 | Create | Villager (Male) |
| 28:28 | Build | Siege Workshop |
| 28:45 | Create | Villager (Male) |
| 28:45 | Create | Villager (Male) |
| 28:45 | Create | Villager (Male) |
| 28:46 | Create | Villager (Male) |
| 28:46 | Create | Villager (Male) |
| 28:46 | Create | Villager (Male) |
| 29:08 | Create | Villager (Male) |
| 29:08 | Create | Villager (Male) |
| 29:29 | Create | Trade Cart ×3 |
| 29:30 | Create | Trade Cart ×3 |
| 29:53 | Research | Bow Saw |
| 30:18 | Research | Scale Mail Armor |
| 30:56 | Create | Villager (Male) |
| 30:56 | Create | Villager (Male) |
| 30:56 | Create | Villager (Male) |
| 31:18 | Build | Town Center |
| 31:49 | Create | Battering Ram ×2 |
| 31:49 | Create | Battering Ram ×2 |
| 31:56 | Create | Villager (Male) |
Build order — Baripas
First 150 of 778 actions detected
| 0:02 | Create | Villager (Male) |
| 0:03 | Create | Villager (Male) |
| 0:05 | Build | House |
| 0:10 | Build | House |
| 0:49 | Create | Villager (Male) |
| 0:50 | Create | Villager (Male) |
| 1:41 | Create | Villager (Male) |
| 2:14 | Create | Villager (Male) |
| 2:20 | Create | Villager (Male) |
| 2:48 | Create | Villager (Male) |
| 3:28 | Create | Villager (Male) |
| 3:37 | Create | Villager (Male) |
| 4:00 | Build | House |
| 4:05 | Build | Lumber Camp |
| 4:11 | Create | Villager (Male) |
| 4:45 | Create | Villager (Male) |
| 4:45 | Create | Villager (Male) |
| 5:25 | Build | House |
| 5:31 | Create | Villager (Male) |
| 6:06 | Create | Villager (Male) |
| 6:36 | Create | Villager (Male) |
| 6:55 | Create | Villager (Male) |
| 7:01 | Build | Mill |
| 7:36 | Create | Villager (Male) |
| 8:00 | Create | Villager (Male) |
| 8:05 | Build | House |
| 8:15 | Build | House |
| 8:24 | Create | Villager (Male) |
| 8:54 | Create | Villager (Male) |
| 8:56 | Research | Loom |
| 9:29 | Research | Feudal Age |
| 9:37 | Build | Barracks |
| 11:03 | Build | Mill |
| 11:30 | Build | Farm |
| 11:39 | Age | Feudal Age |
| 11:48 | Build | Stable |
| 11:50 | Create | Villager (Male) |
| 12:08 | Research | Double-Bit Axe |
| 12:22 | Build | House |
| 12:41 | Build | Farm |
| 12:43 | Build | Farm |
| 12:48 | Create | Villager (Male) |
| 13:00 | Create | Scout Cavalry |
| 13:00 | Create | Scout Cavalry |
| 13:01 | Create | Scout Cavalry |
| 13:09 | Build | Farm |
| 13:18 | Build | Farm |
| 13:31 | Build | House |
| 13:56 | Create | Villager (Male) |
| 14:01 | Build | Farm |
| 14:04 | Create | Villager (Male) |
| 14:36 | Create | Scout Cavalry |
| 14:40 | Create | Villager (Male) |
| 14:44 | Build | Farm |
| 14:47 | Build | Farm |
| 14:53 | Build | Farm |
| 15:00 | Build | Mining Camp |
| 15:33 | Create | Scout Cavalry |
| 15:35 | Create | Villager (Male) |
| 15:45 | Build | Farm |
| 17:10 | Create | Villager (Male) |
| 17:10 | Create | Villager (Male) |
| 17:10 | Create | Villager (Male) |
| 17:56 | Build | Farm |
| 17:58 | Build | Farm |
| 17:59 | Build | Farm |
| 18:01 | Build | Farm |
| 18:04 | Research | Horse Collar |
| 18:50 | Build | Market |
| 19:13 | Create | Villager (Male) |
| 19:19 | Build | Mining Camp |
| 19:39 | Research | Castle Age |
| 20:10 | Build | Blacksmith |
| 21:03 | Research | Gold Mining |
| 22:17 | Create | Villager (Male) |
| 22:19 | Research | Wheelbarrow |
| 22:19 | Age | Castle Age |
| 22:23 | Build | Town Center |
| 22:31 | Build | Town Center |
| 22:48 | Create | Knight |
| 22:48 | Create | Knight |
| 22:48 | Create | Knight |
| 22:48 | Create | Knight |
| 23:23 | Create | Villager (Male) |
| 23:23 | Create | Villager (Male) |
| 23:23 | Create | Villager (Male) |
| 23:59 | Create | Villager (Male) |
| 24:01 | Create | Villager (Male) |
| 24:03 | Create | Villager (Male) |
| 24:04 | Create | Villager (Male) |
| 24:23 | Build | Stable |
| 24:25 | Research | Scale Barding Armor |
| 24:56 | Research | Bloodlines |
| 24:58 | Create | Knight |
| 24:59 | Create | Knight |
| 25:06 | Create | Villager (Male) |
| 25:07 | Create | Villager (Male) |
| 25:17 | Create | Villager (Male) |
| 25:17 | Create | Villager (Male) |
| 25:20 | Research | Hand Cart |
| 25:44 | Create | Villager (Male) |
| 25:44 | Create | Villager (Male) |
| 26:02 | Build | Archery Range |
| 26:09 | Research | Fletching |
| 26:34 | Research | Town Watch |
| 26:36 | Create | Villager (Male) |
| 26:36 | Create | Villager (Male) |
| 26:38 | Create | Villager (Male) |
| 26:39 | Create | Villager (Male) |
| 26:49 | Create | Cavalry Archer |
| 26:49 | Create | Cavalry Archer |
| 26:49 | Create | Cavalry Archer |
| 26:50 | Create | Cavalry Archer |
| 27:01 | Build | Archery Range |
| 27:04 | Research | Bodkin Arrow |
| 27:08 | Create | Villager (Male) |
| 27:12 | Create | Villager (Male) |
| 27:26 | Build | Mining Camp |
| 27:36 | Build | House |
| 27:37 | Build | House |
| 27:37 | Build | House |
| 27:52 | Build | House |
| 27:52 | Build | House |
| 27:52 | Build | House |
| 27:53 | Build | House |
| 27:53 | Build | House |
| 27:53 | Build | House |
| 27:53 | Build | House |
| 27:54 | Build | House |
| 27:54 | Build | House |
| 27:54 | Build | House |
| 27:55 | Build | House |
| 28:15 | Build | Farm |
| 28:21 | Create | Cavalry Archer |
| 28:21 | Create | Cavalry Archer |
| 28:22 | Create | Cavalry Archer |
| 28:24 | Create | Cavalry Archer |
| 28:36 | Build | House |
| 28:36 | Build | House |
| 28:36 | Build | House |
| 28:37 | Build | House |
| 28:37 | Build | House |
| 28:37 | Build | House |
| 28:37 | Build | House |
| 28:44 | Create | Villager (Male) |
| 28:45 | Create | Villager (Male) |
| 28:45 | Create | Villager (Male) |
| 28:48 | Create | Villager (Male) |
| 28:49 | Create | Villager (Male) |
| 28:49 | Create | Villager (Male) |
Build order — HAVE A NICE DAY
First 150 of 416 actions detected
| 0:03 | Create | Villager (Male) |
| 0:03 | Create | Villager (Male) |
| 0:03 | Create | Villager (Male) |
| 0:04 | Create | Villager (Male) |
| 0:04 | Create | Villager (Male) |
| 0:09 | Build | House |
| 1:12 | Build | House |
| 1:44 | Create | Villager (Male) |
| 1:45 | Create | Villager (Male) |
| 1:46 | Research | Loom |
| 2:34 | Build | Lumber Camp |
| 2:41 | Create | Villager (Male) |
| 2:41 | Create | Villager (Male) |
| 3:18 | Create | Villager (Male) |
| 3:19 | Create | Villager (Male) |
| 3:19 | Create | Villager (Male) |
| 3:31 | Create | Villager (Male) |
| 4:22 | Create | Villager (Male) |
| 4:49 | Build | House |
| 5:12 | Create | Villager (Male) |
| 5:22 | Build | Mill |
| 5:47 | Build | House |
| 5:51 | Create | Villager (Male) |
| 6:50 | Create | Villager (Male) |
| 6:50 | Create | Villager (Male) |
| 6:51 | Create | Villager (Male) |
| 7:34 | Create | Villager (Male) |
| 8:51 | Create | Villager (Male) |
| 9:43 | Create | Villager (Male) |
| 9:43 | Create | Villager (Male) |
| 9:44 | Create | Villager (Male) |
| 10:04 | Research | Feudal Age |
| 10:17 | Build | House |
| 10:40 | Build | Outpost |
| 10:44 | Create | Villager (Male) |
| 11:12 | Create | Villager (Male) |
| 11:23 | Build | Barracks |
| 11:36 | Build | Mining Camp |
| 12:03 | Build | Lumber Camp |
| 12:09 | Create | Villager (Male) |
| 12:18 | Age | Feudal Age |
| 12:24 | Research | Horse Collar |
| 12:30 | Research | Double-Bit Axe |
| 12:34 | Research | Gold Mining |
| 13:11 | Build | Farm |
| 13:14 | Build | Farm |
| 13:55 | Build | Farm |
| 14:03 | Build | Farm |
| 14:08 | Research | Wheelbarrow |
| 14:09 | Create | Villager (Male) |
| 14:48 | Build | Farm |
| 14:55 | Build | Farm |
| 15:05 | Build | Farm |
| 15:11 | Build | Farm |
| 15:14 | Create | Spearman |
| 15:24 | Build | Farm |
| 15:40 | Create | Spearman |
| 15:40 | Create | Spearman |
| 15:40 | Create | Spearman |
| 16:02 | Build | Farm |
| 16:17 | Build | Watch Tower |
| 16:36 | Build | Farm |
| 17:03 | Build | Market |
| 17:09 | Create | Villager (Male) |
| 17:10 | Create | Villager (Male) |
| 17:10 | Create | Villager (Male) |
| 17:11 | Create | Villager (Male) |
| 17:19 | Build | House |
| 17:48 | Build | Stable |
| 18:01 | Build | Farm |
| 18:37 | Build | Blacksmith |
| 18:48 | Create | Villager (Male) |
| 19:17 | Build | Archery Range |
| 19:23 | Research | Castle Age |
| 19:32 | Build | Farm |
| 19:39 | Build | Farm |
| 19:50 | Build | Farm |
| 20:12 | Build | Farm |
| 20:58 | Research | Stone Mining |
| 21:43 | Create | Spearman |
| 21:43 | Create | Spearman |
| 21:44 | Research | Arson |
| 22:03 | Age | Castle Age |
| 22:07 | Build | Siege Workshop |
| 22:26 | Research | Hand Cart |
| 22:27 | Create | Villager (Male) |
| 22:28 | Create | Villager (Male) |
| 22:31 | Research | Stone Shaft Mining |
| 23:12 | Create | Villager (Male) |
| 23:37 | Create | Villager (Male) |
| 23:56 | Build | Town Center |
| 24:07 | Create | Villager (Male) |
| 24:34 | Research | Pikeman (upgrade) |
| 24:35 | Research | Squires |
| 24:40 | Create | Spearman |
| 24:40 | Create | Spearman |
| 24:41 | Create | Spearman |
| 24:45 | Research | Bloodlines |
| 24:53 | Research | Bow Saw |
| 25:37 | Build | Farm |
| 25:52 | Create | Villager (Male) |
| 25:52 | Create | Villager (Male) |
| 25:52 | Create | Villager (Male) |
| 25:53 | Create | Villager (Male) |
| 26:23 | Create | Spearman |
| 26:23 | Create | Spearman |
| 26:24 | Create | Spearman |
| 26:54 | Create | Spearman |
| 26:55 | Create | Spearman |
| 26:55 | Create | Spearman |
| 27:28 | Create | Spearman |
| 27:28 | Create | Spearman |
| 27:50 | Create | Villager (Male) |
| 27:51 | Create | Villager (Male) |
| 27:51 | Create | Villager (Male) |
| 27:51 | Create | Villager (Male) |
| 27:52 | Create | Villager (Male) |
| 27:52 | Create | Villager (Male) |
| 27:52 | Create | Villager (Male) |
| 28:01 | Create | Villager (Male) |
| 28:02 | Create | Villager (Male) |
| 28:02 | Create | Villager (Male) |
| 28:02 | Create | Villager (Male) |
| 28:33 | Build | Farm |
| 28:38 | Build | Farm |
| 28:43 | Build | Farm |
| 28:47 | Research | Forging |
| 28:55 | Research | Scale Mail Armor |
| 29:26 | Build | Farm |
| 29:35 | Build | House |
| 30:37 | Build | Town Center |
| 30:52 | Build | Monastery |
| 30:59 | Build | University |
| 31:02 | Research | Scale Barding Armor |
| 31:04 | Research | Iron Casting |
| 31:07 | Create | Spearman |
| 31:07 | Create | Spearman |
| 31:08 | Create | Spearman |
| 31:08 | Create | Spearman |
| 31:17 | Build | House |
| 31:26 | Build | Farm |
| 31:39 | Research | Elite Skirmisher (upgrade) |
| 32:29 | Build | Castle |
| 32:38 | Research | Fortified Wall (upgrade) |
| 32:43 | Research | Masonry |
| 32:49 | Create | Villager (Male) |
| 32:49 | Create | Villager (Male) |
| 32:50 | Create | Villager (Male) |
| 32:50 | Create | Villager (Male) |
| 32:50 | Create | Villager (Male) |
Build order — Starbaxx
First 150 of 861 actions detected
| 0:05 | Build | House |
| 0:06 | Build | House |
| 0:08 | Create | Villager (Male) |
| 0:08 | Create | Villager (Male) |
| 0:19 | Create | Villager (Male) |
| 0:19 | Create | Villager (Male) |
| 1:42 | Create | Villager (Male) |
| 2:08 | Create | Villager (Male) |
| 2:20 | Build | Lumber Camp |
| 2:22 | Create | Villager (Male) |
| 2:59 | Create | Villager (Male) |
| 3:25 | Create | Villager (Male) |
| 3:30 | Create | Villager (Male) |
| 3:57 | Build | House |
| 4:23 | Build | Mill |
| 4:32 | Create | Villager (Male) |
| 4:32 | Create | Villager (Male) |
| 4:32 | Create | Villager (Male) |
| 4:54 | Create | Villager (Male) |
| 4:54 | Create | Villager (Male) |
| 5:30 | Create | Villager (Male) |
| 5:49 | Build | Farm |
| 5:49 | Build | Farm |
| 5:49 | Build | Farm |
| 6:03 | Create | Villager (Male) |
| 6:21 | Create | Villager (Male) |
| 6:42 | Build | House |
| 6:48 | Create | Villager (Male) |
| 6:48 | Create | Villager (Male) |
| 6:48 | Create | Villager (Male) |
| 6:53 | Create | Villager (Male) |
| 7:13 | Create | Villager (Male) |
| 7:22 | Create | Villager (Male) |
| 7:54 | Create | Villager (Male) |
| 7:54 | Create | Villager (Male) |
| 8:09 | Build | Mining Camp |
| 9:42 | Research | Feudal Age |
| 10:01 | Build | Barracks |
| 10:07 | Build | House |
| 10:32 | Create | Villager (Male) |
| 10:32 | Create | Villager (Male) |
| 11:52 | Age | Feudal Age |
| 11:54 | Create | Spearman |
| 11:54 | Create | Spearman |
| 11:58 | Create | Villager (Male) |
| 12:12 | Build | Blacksmith |
| 12:21 | Build | Stable |
| 12:41 | Create | Villager (Male) |
| 13:25 | Research | Double-Bit Axe |
| 13:39 | Build | Farm |
| 13:40 | Build | Farm |
| 13:43 | Create | Villager (Male) |
| 13:44 | Create | Villager (Male) |
| 14:13 | Create | Villager (Male) |
| 14:13 | Create | Villager (Male) |
| 14:13 | Create | Villager (Male) |
| 14:28 | Research | Bow Saw |
| 14:47 | Build | Lumber Camp |
| 15:09 | Build | Farm |
| 15:13 | Create | Spearman |
| 15:15 | Research | Forging |
| 15:20 | Create | Scout Cavalry |
| 15:20 | Create | Scout Cavalry |
| 15:48 | Create | Villager (Male) |
| 15:49 | Create | Villager (Male) |
| 15:49 | Create | Villager (Male) |
| 15:56 | Create | Villager (Male) |
| 15:56 | Create | Villager (Male) |
| 15:56 | Create | Villager (Male) |
| 16:41 | Build | Farm |
| 16:42 | Build | Farm |
| 16:42 | Build | Farm |
| 16:42 | Build | Farm |
| 16:45 | Research | Horse Collar |
| 16:48 | Build | Farm |
| 16:49 | Build | Farm |
| 16:49 | Build | Farm |
| 16:49 | Build | Farm |
| 16:52 | Create | Villager (Male) |
| 16:52 | Create | Villager (Male) |
| 16:52 | Create | Villager (Male) |
| 16:53 | Create | Villager (Male) |
| 16:54 | Create | Villager (Male) |
| 16:54 | Create | Villager (Male) |
| 17:08 | Research | Scale Mail Armor |
| 17:30 | Build | House |
| 17:32 | Build | House |
| 17:46 | Build | Farm |
| 17:46 | Build | Farm |
| 17:47 | Build | Farm |
| 17:48 | Build | Farm |
| 17:48 | Build | Farm |
| 18:42 | Build | Mining Camp |
| 19:25 | Build | Market |
| 19:47 | Research | Heavy Plow |
| 20:23 | Research | Castle Age |
| 20:24 | Research | Loom |
| 21:26 | Research | Caravan |
| 21:27 | Create | Trade Cart |
| 21:28 | Create | Trade Cart |
| 21:45 | Research | Wheelbarrow |
| 21:47 | Create | Villager (Male) |
| 21:48 | Create | Villager (Male) |
| 21:48 | Create | Villager (Male) |
| 22:02 | Research | Gold Mining |
| 22:03 | Research | Stone Mining |
| 23:03 | Age | Castle Age |
| 23:26 | Research | Cavalier (upgrade) |
| 23:27 | Research | Husbandry |
| 23:28 | Create | Knight |
| 23:28 | Create | Knight |
| 23:28 | Create | Knight |
| 23:28 | Create | Knight |
| 23:29 | Create | Knight |
| 23:35 | Create | Villager (Male) |
| 23:53 | Build | Stable |
| 23:54 | Build | Stable |
| 24:19 | Research | Iron Casting |
| 24:27 | Research | Pikeman (upgrade) |
| 24:27 | Create | Spearman |
| 24:28 | Create | Spearman |
| 24:28 | Create | Spearman |
| 24:28 | Create | Spearman |
| 24:41 | Build | Barracks |
| 24:42 | Build | Barracks |
| 25:06 | Research | Chain Mail Armor |
| 25:18 | Research | Squires |
| 25:27 | Create | Spearman |
| 25:38 | Build | Town Center |
| 25:54 | Create | Spearman |
| 25:55 | Create | Spearman |
| 25:55 | Create | Spearman |
| 25:55 | Create | Spearman |
| 25:55 | Create | Spearman |
| 26:08 | Build | Farm |
| 26:08 | Build | Farm |
| 26:08 | Build | Farm |
| 26:10 | Build | Farm |
| 26:10 | Build | Farm |
| 26:33 | Create | Villager (Male) |
| 26:33 | Create | Villager (Male) |
| 26:33 | Create | Villager (Male) |
| 26:33 | Create | Villager (Male) |
| 28:11 | Create | Spearman |
| 28:11 | Create | Spearman |
| 28:12 | Create | Spearman |
| 28:12 | Create | Spearman |
| 28:12 | Create | Spearman |
| 28:12 | Create | Spearman |
| 28:12 | Create | Spearman |
Match timeline
| 5:45 | Bela · wall_segment Palisade Wall x16 |
| 7:15 | BLAZE OF GLORY · first_building Barracks |
| 7:57 | Bela · wall_segment Palisade Wall x12 |
| 9:27 | Bela · wall_segment Palisade Wall x9 |
| 9:37 | Baripas · first_building Barracks |
| 9:38 | BLAZE OF GLORY · wall_segment Palisade Wall x8 |
| 10:01 | Starbaxx · first_building Barracks |
| 10:08 | Wildcat · age_up feudal |
| 10:49 | Bela · age_up feudal |
| 10:53 | Wildcat · first_building Barracks |
| 11:07 | Bela · first_building Barracks |
| 11:23 | HAVE A NICE DAY · first_building Barracks |
| 11:39 | Baripas · age_up feudal |
| 11:48 | Baripas · first_building Stable |
| 11:52 | Starbaxx · age_up feudal |
| 12:18 | HAVE A NICE DAY · age_up feudal |
| 12:21 | Starbaxx · first_building Stable |
| 12:43 | Wildcat · first_building Stable |
| 13:09 | BLAZE OF GLORY · age_up feudal |
| 13:17 | BLAZE OF GLORY · first_building Stable |
| 13:24 | Bela · first_building Stable |
| 16:31 | Bela · age_up castle |
| 17:48 | HAVE A NICE DAY · first_building Stable |
| 18:16 | Wildcat · age_up castle |
| 19:17 | HAVE A NICE DAY · first_building Archery Range |
| 21:51 | BLAZE OF GLORY · age_up castle |
| 22:03 | HAVE A NICE DAY · age_up castle |
| 22:07 | HAVE A NICE DAY · first_building Siege Workshop |
| 22:19 | Baripas · age_up castle |
| 22:26 | Wildcat · first_building Monastery |
| 23:03 | Starbaxx · age_up castle |
| 25:31 | Wildcat · first_building Siege Workshop |
| 25:47 | Bela · wall_segment Stone Wall x1 |
| 26:02 | Baripas · first_building Archery Range |
| 27:45 | Wildcat · first_building Archery Range |
| 27:47 | Bela · wall_segment Stone Wall x6 |
| 28:28 | BLAZE OF GLORY · first_building Siege Workshop |
| 28:33 | Wildcat · first_building Castle |
| 29:35 | Bela · first_building Castle |
| 30:17 | Bela · wall_segment Palisade Wall x14 |
| 30:52 | HAVE A NICE DAY · first_building Monastery |
| 32:22 | Baripas · first_building Castle |
| 32:29 | HAVE A NICE DAY · first_building Castle |
| 32:43 | Baripas · wall_segment Palisade Wall x1 |
| 32:57 | Baripas · wall_segment Palisade Wall x1 |
| 33:18 | Bela · first_building Archery Range |
| 34:46 | BLAZE OF GLORY · first_building Castle |
| 35:25 | HAVE A NICE DAY · first_market_sell 100 wood |
| 35:28 | HAVE A NICE DAY · first_market_buy 100 wood |
| 35:51 | Bela · age_up imperial |
| 36:10 | Starbaxx · first_building Castle |
| 36:30 | Wildcat · age_up imperial |
| 39:03 | HAVE A NICE DAY · age_up imperial |
| 39:06 | Baripas · first_market_sell 100 wood |
| 40:55 | Starbaxx · first_market_sell 100 wood |
| 41:19 | BLAZE OF GLORY · first_building Archery Range |
| 42:22 | Baripas · age_up imperial |
| 42:25 | Starbaxx · age_up imperial |
| 43:12 | BLAZE OF GLORY · first_market_sell 500 stone |
| 44:38 | Baripas · first_market_buy 100 stone |
| 46:18 | BLAZE OF GLORY · wall_segment Stone Wall x21 |
| 46:35 | BLAZE OF GLORY · age_up imperial |
| 49:51 | BLAZE OF GLORY · wall_segment Stone Wall x13 |
| 54:26 | Wildcat · first_market_sell 100 wood |
| 55:14 | Bela · first_market_sell 100 food |
| 79:06 | Starbaxx · tribute_sent a jugador 1 |
| 79:06 | Starbaxx · tribute_sent a jugador 2 |
| 79:06 | Starbaxx · tribute_sent a jugador 3 |
| 79:06 | Starbaxx · tribute_sent a jugador 4 |
| 79:06 | Starbaxx · tribute_sent a jugador 5 |
| 79:06 | BLAZE OF GLORY · tribute_sent a jugador 1 |
| 79:06 | BLAZE OF GLORY · tribute_sent a jugador 3 |
| 79:06 | BLAZE OF GLORY · tribute_sent a jugador 4 |
| 79:06 | BLAZE OF GLORY · tribute_sent a jugador 5 |
| 79:06 | BLAZE OF GLORY · tribute_sent a jugador 6 |
| 81:16 | HAVE A NICE DAY · resign |
| 85:37 | Bela · first_market_buy 100 stone |
[ AI ANALYSIS · 1 CREDIT ]
What really happened in this match?
Wolo.gg analyzes every decision: build order, eco, micro, common mistakes by bracket. Personalized analysis on WhatsApp or Discord in 30 seconds.
Civ guide
Burgundians
Map guide
MegaRandom
Perfil
Jugador #372313